St.Louis Blues vs Edmonton Oilers

Created - Friday, February 6, 2026 at 08:12

Goals
1 2 3 T
St.Louis Blues 0 2 0 2
Edmonton Oilers 2 1 1 4
Shots
1 2 3 T
St.Louis Blues 10 9 15 34
Edmonton Oilers 9 15 8 32

1st period

1. Edmonton Oilers , Boone Jenner 4 (Dylan Holloway 7) at 0:59
2. Edmonton Oilers , Connor McMichael 8 (Jake DeBrusk 9, Brock Boeser 12) at 7:35

Penalties :
Colton Parayko (STL) for Tripping (Minor) at 4:05

2nd period

3. St.Louis Blues , Jake Sanderson 2 (Jack Eichel 10, Nikita Kucherov 2) at 6:25 (PP)
4. Edmonton Oilers , Kirill Marchenko 10 (Evan Bouchard 6, Adrian Kempe 16) at 13:12
5. St.Louis Blues , Brandon Hagel 3 (Alex Tuch 5) at 13:46

Penalties :
David Savard (EDM) for Hooking (Minor) at 0:22, Brandon Carlo (EDM) for Tripping (Minor) at 6:19, Brock Boeser (EDM) for Roughing (Minor) at 14:39

3rd period

6. Edmonton Oilers , Jake DeBrusk 6 (Jacob Trouba 5) at 12:12

Penalties :
Tanner Jeannot (EDM) for Holding (Minor) at 19:04

Goalie Stats

Connor Hellebuyck (STL), 28 saves from 32 shots - (0.875), L, 6-5-0, 60:00 minutes
Juuse Saros (EDM), 32 saves from 34 shots - (0.941), W, 2-5-2, 60:00 minutes

Players Stats for St.Louis Blues

Player Name              G  A  P  +/- PIM S  H  SB GA TA FO     MP     PP MP  PK MP  
------------------------------------------------------------------------------------
Adam Pelech              0  0  0   1  0   0  1  0  0  0  0/0     9:35   0:00   0:00 
Alex Tuch                0  1  1  -1  0   0  1  0  1  0  0/1    17:32   1:42   0:00 
Artem Zub                0  0  0   1  0   0  3  0  0  1  0/0    11:41   0:56   1:09 
Brandon Hagel            1  0  1  -1  0   5  2  0  2  0  1/1    17:09   1:39   0:00 
Brandon Tanev            0  0  0   0  0   0  3  0  0  0  0/0     7:23   0:08   0:52 
Brayden Point            0  0  0  -1  0   3  0  0  2  0  9/13   17:02   3:17   0:00 
Colton Parayko           0  0  0  -3  2   2  3  1  0  1  0/0    25:37   0:00   0:00 
Isac Lundestrom          0  0  0   0  0   2  0  0  0  0  1/2     8:09   1:39   0:53 
Jaccob Slavin            0  0  0  -1  0   1  0  1  0  0  0/0    17:56   0:00   0:51 
Jack Eichel              0  1  1  -1  0   1  1  1  1  1  0/0    21:04   3:12   0:00 
Jake Guentzel            0  0  0  -1  0   4  3  0  1  0  3/4    16:45   3:12   0:14 
Jake Sanderson           1  0  1  -3  0   3  0  1  1  1  0/0    29:35   2:21   1:08 
Joona Koppanen           0  0  0  -1  0   1  1  1  0  0  11/33  18:16   0:00   0:00 
Logan O'Connor           0  0  0   0  0   1  0  0  1  0  0/0     6:57   0:08   0:53 
Mark Stone               0  0  0  -1  0   1  1  0  0  1  0/2    14:06   0:08   0:00 
Mikhail Sergachev        0  0  0  -1  0   1  0  1  1  0  0/0    19:53   1:42   0:50 
Nikita Kucherov          0  1  1  -1  0   5  0  1  0  0  3/4    21:18   3:12   0:14 
Vincent Trocheck         0  0  0  -1  0   4  3  0  1  1  6/8    18:02   1:39   0:52 

Players Stats for Edmonton Oilers

Player Name              G  A  P  +/- PIM S  H  SB GA TA FO     MP     PP MP  PK MP  
------------------------------------------------------------------------------------
Adrian Kempe             0  1  1   1  0   3  2  0  1  0  0/0    16:11   1:08   0:00 
Boone Jenner             1  0  1   1  0   3  1  0  0  0  6/10   15:10   0:00   0:00 
Brandon Carlo            0  0  0   1  2   1  0  2  0  1  0/0    23:32   1:07   2:52 
Brock Boeser             0  1  1   1  2   2  0  0  0  0  0/1    16:51   0:51   1:34 
Connor McMichael         1  0  1   1  0   7  3  1  0  0  7/16   15:01   0:51   0:21 
David Savard             0  0  0   0  2   0  0  0  0  2  0/0     7:37   0:52   0:00 
Dawson Mercer            0  0  0   1  0   0  0  0  0  0  0/0    16:22   0:00   0:50 
Derek Ryan               0  0  0   0  0   0  0  0  0  0  0/0     8:22   0:00   0:00 
Dylan Holloway           0  1  1   1  0   5  1  0  1  0  0/0    15:10   0:00   0:00 
Evan Bouchard            0  1  1   1  0   3  0  2  0  2  0/0    22:49   0:52   2:00 
Jacob Trouba             0  1  1   1  0   1  4  0  1  1  0/0    26:45   1:07   2:52 
Jake DeBrusk             1  1  2   1  0   1  2  0  0  1  1/2    17:37   0:51   2:19 
Kirill Marchenko         1  0  1   1  0   1  2  0  1  1  0/0    18:30   1:08   2:19 
Morgan Barron            0  0  0   0  0   2  0  0  1  0  3/7     8:45   0:00   0:23 
Ryan McLeod              0  0  0   1  0   2  0  0  0  0  17/31  18:30   1:08   2:19 
Scott Mayfield           0  0  0   2  0   0  2  1  0  1  0/0    23:24   0:00   1:44 
Tanner Jeannot           0  0  0   0  2   1  2  0  0  0  0/1     8:21   0:00   0:00 
Troy Stecher             0  0  0   1  0   0  3  0  1  2  0/0    16:00   0:00   0:23 

3 Stars

1 - Jake DeBrusk (EDM)
2 - Connor McMichael (EDM)
3 - Kirill Marchenko (EDM)

Power Play

St.Louis Blues - 1 on 4 Attempt(s) - 25.00%
Edmonton Oilers - 0 on 1 Attempt(s) - 0.00%

Penalty Kill

St.Louis Blues - 1 on 1 Attempt(s) - 100.00% - Score 0 goal in Penalty Kill
Edmonton Oilers - 3 on 4 Attempt(s) - 75.00% - Score 0 goal in Penalty Kill

Team Stat

St.Louis Blues - Hits : 22 - Faceoff Wins : 34 - Blocked Shots : 7 - Penalty Minutes : 2
Edmonton Oilers - Hits : 22 - Faceoff Wins : 34 - Blocked Shots : 6 - Penalty Minutes : 8

Official

Referees : Dan O'Rourke and Carter Sandlak
Linesman : Brandon Gawryletz and Trent Knorr

Game Notes

David Savard is injured at 2:37 of 2nd period (Strained Left Elbow)

Finance

Level 1 -- Attendance: 5422 (90.37%) -- Ticket Income $487,980
Level 2 -- Attendance: 4461 (89.22%) -- Ticket Income $223,050
Level 3 -- Attendance: 3000 (100.00%) -- Ticket Income $90,000
Level 4 -- Attendance: 5000 (100.00%) -- Ticket Income $100,000
Luxury Box -- Attendance: 978 (97.80%) -- Ticket Income $185,820
Game was played at the Rexall Place.
Total Attendance: 18861 (94.31%)
Total Ticket Income: $1,086,850
Other Income: $380,398
Total Income: $1,467,248

St.Louis Blues

5 vs 5 Forward 
   Center                   Left Wing                Right Wing               Time % Phy DF OF 
 1 Joona Koppanen           Jack Eichel              Nikita Kucherov          40     0   2  3  
 2 Brayden Point            Jake Guentzel            Mark Stone               30     0   2  3  
 3 Vincent Trocheck         Brandon Hagel            Alex Tuch                25     1   2  2  
 4 Isac Lundestrom          Brandon Tanev            Logan O'Connor           5      1   3  1  

5 vs 5 Defense 
   Defense                  Defense                                           Time % Phy DF OF 
 1 Jake Sanderson           Colton Parayko                                    45     0   3  2  
 2 Mikhail Sergachev        Jaccob Slavin                                     35     0   3  2  
 3 Artem Zub                Adam Pelech                                       20     1   2  2  
 4 Jake Sanderson           Colton Parayko                                    0      0   3  2  

PowerPlay Forward 
   Center                   Left Wing                Right Wing               Time % Phy DF OF 
 1 Jake Guentzel            Jack Eichel              Nikita Kucherov          60     0   0  5  
 2 Vincent Trocheck         Brandon Hagel            Isac Lundestrom          40     0   0  5  

PowerPlay Defense
   Defense                  Defense                                           Time % Phy DF OF 
 1 Brayden Point            Jake Sanderson                                    60     0   0  5  
 2 Alex Tuch                Mikhail Sergachev                                 40     0   0  5  

Penalty Kill 4 Players Forward 
   Center                   Wing                     Time % Phy DF OF 
 1 Vincent Trocheck         Brandon Tanev            50     0   5  0  
 2 Isac Lundestrom          Logan O'Connor           50     0   5  0  

Penalty Kill 4 Players Defense
   Defense                  Defense                  Time % Phy DF OF 
 1 Colton Parayko           Jake Sanderson           50     1   4  0  
 2 Jaccob Slavin            Artem Zub                50     1   4  0  

Penalty Kill - 3 Players Forward 
   Forward                                           Time % Phy DF OF 
 1 Vincent Trocheck                                  50     0   5  0  
 2 Isac Lundestrom                                   50     0   5  0  

Penalty Kill - 3 Players Defense
   Defense                  Defense                  Time % Phy DF OF 
 1 Colton Parayko           Mikhail Sergachev        50     0   5  0  
 2 Jaccob Slavin            Artem Zub                50     0   5  0  

4 vs 4 Forward 
   Center                   Wing                     Time % Phy DF OF 
 1 Jack Eichel              Nikita Kucherov          50     0   2  3  
 2 Vincent Trocheck         Brayden Point            50     0   2  3  

4 vs 4 Defense
   Defense                  Defense                  Time % Phy DF OF 
 1 Jake Sanderson           Jaccob Slavin            50     0   3  2  
 2 Mikhail Sergachev        Colton Parayko           50     0   3  2  

Last Minutes Offensive
   Center                   Left Wing                Right Wing               Defense                  Defense                  
   Joona Koppanen           Jack Eichel              Nikita Kucherov          Brayden Point            Jake Sanderson           

Last Minutes Defensive
   Center                   Left Wing                Right Wing               Defense                  Defense                  
   Vincent Trocheck         Isac Lundestrom          Brandon Tanev            Jaccob Slavin            Colton Parayko           

Goaltenders
Starting : Connor Hellebuyck        
Backup : William Rousseau         

Extra Forwards
Normal : Jake Guentzel, Alex Tuch, Mark Stone - PP : Nikita Kucherov, Mark Stone - PK : Nikita Kucherov
Extra Defensemen
Normal : Mikhail Sergachev, Jaccob Slavin, Artem Zub - PP : Colton Parayko - PK : Artem Zub, Mikhail Sergachev
Penalty Shots
Alex Tuch, Brayden Point, Jake Guentzel, Jack Eichel, Nikita Kucherov

Scratches
Robert Thomas (Healthy), Matthew Seminoff (Healthy), Connor Clifton (Healthy), Scott Wedgewood (Left Hand Injury)

Edmonton Oilers

5 vs 5 Forward 
   Center                   Left Wing                Right Wing               Time % Phy DF OF 
 1 Ryan McLeod              Adrian Kempe             Kirill Marchenko         30     1   2  2  
 2 Connor McMichael         Jake DeBrusk             Brock Boeser             30     1   2  2  
 3 Boone Jenner             Dylan Holloway           Dawson Mercer            25     1   2  2  
 4 Morgan Barron            Tanner Jeannot           Derek Ryan               15     1   2  2  

5 vs 5 Defense 
   Defense                  Defense                                           Time % Phy DF OF 
 1 Jacob Trouba             Brandon Carlo                                     35     1   2  2  
 2 David Savard             Evan Bouchard                                     35     1   2  2  
 3 Troy Stecher             Scott Mayfield                                    30     1   2  2  
 4 Troy Stecher             Jacob Trouba                                      0      1   2  2  

PowerPlay Forward 
   Center                   Left Wing                Right Wing               Time % Phy DF OF 
 1 Ryan McLeod              Adrian Kempe             Kirill Marchenko         50     1   2  2  
 2 Connor McMichael         Jake DeBrusk             Brock Boeser             50     1   2  2  

PowerPlay Defense
   Defense                  Defense                                           Time % Phy DF OF 
 1 Jacob Trouba             Brandon Carlo                                     50     1   2  2  
 2 David Savard             Evan Bouchard                                     50     1   2  2  

Penalty Kill 4 Players Forward 
   Center                   Wing                     Time % Phy DF OF 
 1 Ryan McLeod              Kirill Marchenko         50     1   2  2  
 2 Brock Boeser             Jake DeBrusk             50     1   2  2  

Penalty Kill 4 Players Defense
   Defense                  Defense                  Time % Phy DF OF 
 1 Jacob Trouba             Brandon Carlo            50     1   2  2  
 2 David Savard             Evan Bouchard            50     1   2  2  

Penalty Kill - 3 Players Forward 
   Forward                                           Time % Phy DF OF 
 1 Brock Boeser                                      50     1   2  2  
 2 Kirill Marchenko                                  50     1   2  2  

Penalty Kill - 3 Players Defense
   Defense                  Defense                  Time % Phy DF OF 
 1 Jacob Trouba             Brandon Carlo            50     1   2  2  
 2 David Savard             Evan Bouchard            50     1   2  2  

4 vs 4 Forward 
   Center                   Wing                     Time % Phy DF OF 
 1 Ryan McLeod              Kirill Marchenko         50     1   2  2  
 2 Brock Boeser             Adrian Kempe             50     1   2  2  

4 vs 4 Defense
   Defense                  Defense                  Time % Phy DF OF 
 1 Jacob Trouba             Brandon Carlo            50     1   2  2  
 2 David Savard             Evan Bouchard            50     1   2  2  

Last Minutes Offensive
   Center                   Left Wing                Right Wing               Defense                  Defense                  
   Ryan McLeod              Adrian Kempe             Kirill Marchenko         Jacob Trouba             Brandon Carlo            

Last Minutes Defensive
   Center                   Left Wing                Right Wing               Defense                  Defense                  
   Ryan McLeod              Adrian Kempe             Kirill Marchenko         Jacob Trouba             Brandon Carlo            

Goaltenders
Starting : Juuse Saros              
Backup : Karel Vejmelka           

Extra Forwards
Normal : Dylan Holloway, Boone Jenner, Dawson Mercer - PP : Dylan Holloway, Boone Jenner - PK : Dawson Mercer
Extra Defensemen
Normal : Jacob Trouba, Scott Mayfield, Troy Stecher - PP : Jacob Trouba - PK : Scott Mayfield, Troy Stecher
Penalty Shots
Boone Jenner, Kirill Marchenko, Brock Boeser, Jake DeBrusk, Ryan McLeod

Scratches
Luke Hughes (Healthy), Brett Pesce (Healthy), Xavier Bourgault (Healthy), Jonathan Quick (Healthy)

% Time on Ice - St.Louis Blues

Lines # - Real PCT - Wanted PCT - Time Play
Normal Forward
1 - 35% - 40% - 18:19
2 - 25% - 30% - 13:17
3 - 29% - 25% - 15:30
4 - 11% - 5% - 5:56
Normal Defense
1 - 49% - 45% - 26:06
2 - 33% - 35% - 17:21
3 - 18% - 20% - 9:35
4 - 0% - 0% - 0:00
PP Forward
1 - 67% - 60% - 3:20
2 - 33% - 40% - 1:39
PP Defense
1 - 66% - 60% - 3:17
2 - 34% - 40% - 1:42
PK Forward
1 - 46% - 50% - 0:55
2 - 54% - 50% - 1:04
PK Defense
1 - 66% - 50% - 1:19
2 - 34% - 50% - 0:40
PK3 Forward
1 - 0% - 50%
2 - 0% - 50%
PK3 Defense
1 - 0% - 50%
2 - 0% - 50%
44 Forward
1 - 0% - 50%
2 - 0% - 50%
44 Defense
1 - 0% - 50%
2 - 0% - 50%
Last Minute Offensive  - 0:00
Last Minute Defensive  - 0:00
Total
Forward - 60:00
Defense - 60:00

% Time on Ice - Edmonton Oilers

Lines # - Real PCT - Wanted PCT - Time Play
Normal Forward
1 - 28% - 30% - 15:03
2 - 27% - 30% - 14:27
3 - 29% - 25% - 15:10
4 - 16% - 15% - 8:22
Normal Defense
1 - 34% - 35% - 18:02
2 - 38% - 35% - 20:18
3 - 27% - 30% - 14:19
4 - 1% - 0% - 0:23
PP Forward
1 - 57% - 50% - 1:08
2 - 43% - 50% - 0:51
PP Defense
1 - 56% - 50% - 1:07
2 - 44% - 50% - 0:52
PK Forward
1 - 46% - 50% - 2:19
2 - 54% - 50% - 2:40
PK Defense
1 - 60% - 50% - 2:59
2 - 40% - 50% - 2:00
PK3 Forward
1 - 0% - 50%
2 - 0% - 50%
PK3 Defense
1 - 0% - 50%
2 - 0% - 50%
44 Forward
1 - 0% - 50%
2 - 0% - 50%
44 Defense
1 - 0% - 50%
2 - 0% - 50%
Last Minute Offensive  - 0:00
Last Minute Defensive  - 0:00
Total
Forward - 60:00
Defense - 60:00

Play-by-Play

1st period


0:01 of 1st period - Ryan McLeod wins face-off versus Joona Koppanen in neutral zone.
0:26 of 1st period - Colton Parayko is hit by Jake DeBrusk and loses puck.
0:33 of 1st period - Slapshot by Connor McMichael.
0:33 of 1st period - Shot Blocked by Colton Parayko.
0:49 of 1st period - Wrist shot by Boone Jenner.
0:49 of 1st period - Shot Blocked by Jaccob Slavin.
0:51 of 1st period - Snap shot by Dylan Holloway.
0:51 of 1st period - Stopped by Connor Hellebuyck without a rebound.
0:52 of 1st period - Boone Jenner wins face-off versus Vincent Trocheck in St.Louis Blues zone.
0:59 of 1st period - Slapshot by Boone Jenner.
0:59 of 1st period - Goal by Boone Jenner - St.Louis Blues : 0 - Edmonton Oilers : 1.
1:00 of 1st period - Joona Koppanen wins face-off versus Morgan Barron in neutral zone.
1:27 of 1st period - Dawson Mercer is hit by Brandon Tanev and loses puck.
1:54 of 1st period - Snap shot by Alex Tuch.
1:54 of 1st period - Shot Misses the Net.
1:56 of 1st period - Slapshot by Alex Tuch.
1:56 of 1st period - Shot Blocked by Evan Bouchard.
1:58 of 1st period - Slapshot by Mikhail Sergachev.
1:58 of 1st period - Shot Misses the Net.
2:51 of 1st period - Troy Stecher is hit by Brandon Tanev and loses puck.
3:15 of 1st period - Snap shot by Vincent Trocheck.
3:15 of 1st period - Stopped by Juuse Saros without a rebound.
3:16 of 1st period - Ryan McLeod wins face-off versus Joona Koppanen in Edmonton Oilers zone.
3:52 of 1st period - Snap shot by Connor McMichael.
3:52 of 1st period - Stopped by Connor Hellebuyck without a rebound.
3:53 of 1st period - Vincent Trocheck wins face-off versus Connor McMichael in St.Louis Blues zone.
4:05 of 1st period - Minor Penalty to Colton Parayko for Tripping.
4:06 of 1st period - Vincent Trocheck wins face-off versus Ryan McLeod in St.Louis Blues zone.
4:06 of 1st period - Vincent Trocheck is hit by Jacob Trouba.
4:17 of 1st period - Snap shot by Logan O'Connor.
4:17 of 1st period - Shot Misses the Net.
4:46 of 1st period - Vincent Trocheck is hit by Jacob Trouba and loses puck.
6:05 of 1st period - Penalty to Colton Parayko is over, Colton Parayko is back on ice.
6:19 of 1st period - Dawson Mercer is hit by Joona Koppanen and loses puck.
6:59 of 1st period - Evan Bouchard is hit by Artem Zub and loses puck.
7:03 of 1st period - Icing by Evan Bouchard.
7:04 of 1st period - Vincent Trocheck wins face-off versus Morgan Barron in Edmonton Oilers zone.
7:35 of 1st period - Snap shot by Connor McMichael.
7:35 of 1st period - Goal by Connor McMichael - St.Louis Blues : 0 - Edmonton Oilers : 2.
7:36 of 1st period - Ryan McLeod wins face-off versus Nikita Kucherov in neutral zone.
8:02 of 1st period - Wrist shot by Vincent Trocheck.
8:02 of 1st period - Stopped by Juuse Saros with a rebound.
8:04 of 1st period - Slapshot by Brandon Hagel.
8:04 of 1st period - Shot Misses the Net.
8:06 of 1st period - Wrist shot by Vincent Trocheck.
8:06 of 1st period - Deflect By Brandon Hagel.
8:06 of 1st period - Stopped by Juuse Saros without a rebound.
8:07 of 1st period - Vincent Trocheck wins face-off versus Connor McMichael in Edmonton Oilers zone.
8:36 of 1st period - Wrist shot by Boone Jenner.
8:36 of 1st period - Shot Misses the Net.
8:54 of 1st period - Slapshot by Jake Sanderson.
8:54 of 1st period - Shot Misses the Net.
8:56 of 1st period - Snap shot by Isac Lundestrom.
8:56 of 1st period - Shot Misses the Net.
8:58 of 1st period - Snap shot by Isac Lundestrom.
8:58 of 1st period - Stopped by Juuse Saros with a rebound.
9:00 of 1st period - Slapshot by Jake Sanderson.
9:00 of 1st period - Stopped by Juuse Saros with a rebound.
9:02 of 1st period - Wrist shot by Isac Lundestrom.
9:02 of 1st period - Deflect By Brandon Tanev.
9:02 of 1st period - Shot Misses the Net.
9:02 of 1st period - Puck is out of play.
9:03 of 1st period - Brayden Point wins face-off versus Ryan McLeod in Edmonton Oilers zone.
9:35 of 1st period - Mikhail Sergachev is hit by Connor McMichael and loses puck.
9:49 of 1st period - Off-side.
9:50 of 1st period - Brandon Hagel wins face-off versus Morgan Barron in neutral zone.
10:59 of 1st period - Snap shot by Brandon Hagel.
10:59 of 1st period - Shot Misses the Net.
11:01 of 1st period - Snap shot by Vincent Trocheck.
11:01 of 1st period - Stopped by Juuse Saros without a rebound.
11:02 of 1st period - Boone Jenner wins face-off versus Joona Koppanen in Edmonton Oilers zone.
11:25 of 1st period - Wrist shot by Dylan Holloway.
11:25 of 1st period - Stopped by Connor Hellebuyck with a rebound.
11:27 of 1st period - Slapshot by Dylan Holloway.
11:27 of 1st period - Stopped by Connor Hellebuyck without a rebound.
11:28 of 1st period - Brayden Point wins face-off versus Connor McMichael in St.Louis Blues zone.
11:39 of 1st period - Snap shot by Jake Guentzel.
11:39 of 1st period - Shot Blocked by Connor McMichael.
11:41 of 1st period - Wrist shot by Jake Guentzel.
11:41 of 1st period - Stopped by Juuse Saros with a rebound.
11:43 of 1st period - Slapshot by Mikhail Sergachev.
11:43 of 1st period - Stopped by Juuse Saros without a rebound.
11:44 of 1st period - Ryan McLeod wins face-off versus Joona Koppanen in Edmonton Oilers zone.
12:01 of 1st period - Snap shot by Adrian Kempe.
12:01 of 1st period - Stopped by Connor Hellebuyck with a rebound.
12:11 of 1st period - Jake DeBrusk is hit by Jake Guentzel and loses puck.
13:02 of 1st period - Slapshot by Evan Bouchard.
13:02 of 1st period - Stopped by Connor Hellebuyck with a rebound.
13:28 of 1st period - Wrist shot by Jack Eichel.
13:28 of 1st period - Shot Misses the Net.
14:30 of 1st period - Snap shot by Logan O'Connor.
14:30 of 1st period - Stopped by Juuse Saros without a rebound.
14:31 of 1st period - Ryan McLeod wins face-off versus Joona Koppanen in Edmonton Oilers zone.
14:36 of 1st period - Jake Sanderson is hit by Kirill Marchenko and loses puck.
14:45 of 1st period - Snap shot by Kirill Marchenko.
14:45 of 1st period - Shot Misses the Net.
14:47 of 1st period - Wrist shot by Ryan McLeod.
14:47 of 1st period - Shot Misses the Net.
14:57 of 1st period - Jake Sanderson is hit by Troy Stecher and loses puck.
15:07 of 1st period - Off-side.
15:08 of 1st period - Joona Koppanen wins face-off versus Ryan McLeod in neutral zone.
16:30 of 1st period - Colton Parayko is hit by Tanner Jeannot.
17:01 of 1st period - Jake DeBrusk is hit by Colton Parayko and loses puck.
17:08 of 1st period - Snap shot by Brayden Point.
17:08 of 1st period - Deflect By Jake Guentzel.
17:08 of 1st period - Stopped by Juuse Saros without a rebound.
17:09 of 1st period - Joona Koppanen wins face-off versus Boone Jenner in Edmonton Oilers zone.
17:34 of 1st period - David Savard is hit by Adam Pelech and loses puck.
17:47 of 1st period - Snap shot by Dylan Holloway.
17:47 of 1st period - Shot Misses the Net.
17:49 of 1st period - Slapshot by David Savard.
17:49 of 1st period - Shot Misses the Net.
18:05 of 1st period - Snap shot by Dylan Holloway.
18:05 of 1st period - Stopped by Connor Hellebuyck without a rebound.
18:06 of 1st period - Joona Koppanen wins face-off versus Connor McMichael in St.Louis Blues zone.
18:43 of 1st period - Icing by Jake Sanderson.
18:44 of 1st period - Isac Lundestrom wins face-off versus Ryan McLeod in St.Louis Blues zone.
18:51 of 1st period - Slapshot by Jake Sanderson.
18:51 of 1st period - Shot Misses the Net.
18:56 of 1st period - Off-side.
18:57 of 1st period - Brayden Point wins face-off versus Jake DeBrusk in neutral zone.
19:24 of 1st period - Joona Koppanen is hit by Kirill Marchenko and loses puck.
Goals for this period are 0 for St.Louis Blues vs 2 for Edmonton Oilers.
Shots for this period are 10 for St.Louis Blues vs 9 for Edmonton Oilers.

2nd period


0:01 of 2nd period - Joona Koppanen wins face-off versus Connor McMichael in neutral zone.
0:16 of 2nd period - Snap shot by Nikita Kucherov.
0:16 of 2nd period - Stopped by Juuse Saros with a rebound.
0:22 of 2nd period - Minor Penalty to David Savard for Hooking.
0:23 of 2nd period - Nikita Kucherov wins face-off versus Ryan McLeod in Edmonton Oilers zone.
0:30 of 2nd period - Snap shot by Nikita Kucherov.
0:30 of 2nd period - Stopped by Juuse Saros without a rebound.
0:31 of 2nd period - Jake Guentzel wins face-off versus Ryan McLeod in Edmonton Oilers zone.
0:58 of 2nd period - Wrist shot by Jake Guentzel.
0:58 of 2nd period - Shot Misses the Net.
1:00 of 2nd period - Slapshot by Jake Sanderson.
1:00 of 2nd period - Shot Misses the Net.
1:02 of 2nd period - Slapshot by Brayden Point.
1:02 of 2nd period - Stopped by Juuse Saros without a rebound.
1:03 of 2nd period - Vincent Trocheck wins face-off versus Ryan McLeod in Edmonton Oilers zone.
1:10 of 2nd period - Snap shot by Brandon Hagel.
1:10 of 2nd period - Shot Blocked by Scott Mayfield.
2:22 of 2nd period - Penalty to David Savard is over, David Savard is back on ice.
2:36 of 2nd period - David Savard is hit by Brandon Tanev and loses puck.
2:37 of 2nd period - David Savard from Edmonton Oilers is injured at 2:37 of 2nd period (Strained Left Elbow).
2:38 of 2nd period - Jake Guentzel wins face-off versus Ryan McLeod in Edmonton Oilers zone.
3:05 of 2nd period - Joona Koppanen is hit by Jake DeBrusk.
3:11 of 2nd period - Slapshot by Jake Sanderson.
3:11 of 2nd period - Stopped by Juuse Saros without a rebound.
3:12 of 2nd period - Connor McMichael wins face-off versus Joona Koppanen in Edmonton Oilers zone.
3:12 of 2nd period - Connor McMichael is hit by Jack Eichel.
3:28 of 2nd period - Snap shot by Nikita Kucherov.
3:28 of 2nd period - Stopped by Juuse Saros with a rebound.
3:38 of 2nd period - Mikhail Sergachev is hit by Adrian Kempe and loses puck.
4:01 of 2nd period - Snap shot by Morgan Barron.
4:01 of 2nd period - Stopped by Connor Hellebuyck with a rebound.
4:07 of 2nd period - Slapshot by Evan Bouchard.
4:07 of 2nd period - Stopped by Connor Hellebuyck without a rebound.
4:08 of 2nd period - Joona Koppanen wins face-off versus Morgan Barron in St.Louis Blues zone.
4:25 of 2nd period - Slapshot by Nikita Kucherov.
4:25 of 2nd period - Stopped by Juuse Saros with a rebound.
4:59 of 2nd period - Snap shot by Morgan Barron.
4:59 of 2nd period - Stopped by Connor Hellebuyck without a rebound.
5:00 of 2nd period - Vincent Trocheck wins face-off versus Ryan McLeod in St.Louis Blues zone.
5:34 of 2nd period - Slapshot by Brandon Hagel.
5:34 of 2nd period - Shot Misses the Net.
6:19 of 2nd period - Minor Penalty to Brandon Carlo for Tripping.
6:20 of 2nd period - Jake Guentzel wins face-off versus Brock Boeser in Edmonton Oilers zone.
6:25 of 2nd period - Backhand shot by Jake Sanderson.
6:25 of 2nd period - Goal by Jake Sanderson - St.Louis Blues : 1 - Edmonton Oilers : 2.
6:26 of 2nd period - Ryan McLeod wins face-off versus Joona Koppanen in neutral zone.
6:31 of 2nd period - Snap shot by Ryan McLeod.
6:31 of 2nd period - Stopped by Connor Hellebuyck with a rebound.
7:25 of 2nd period - Backhand shot by Tanner Jeannot.
7:25 of 2nd period - Stopped by Connor Hellebuyck without a rebound.
7:26 of 2nd period - Ryan McLeod wins face-off versus Joona Koppanen in St.Louis Blues zone.
7:31 of 2nd period - Wrist shot by Adrian Kempe.
7:31 of 2nd period - Shot Misses the Net.
9:04 of 2nd period - Snap shot by Ryan McLeod.
9:04 of 2nd period - Deflect By Adrian Kempe.
9:04 of 2nd period - Shot Misses the Net.
9:04 of 2nd period - Puck is out of play.
9:05 of 2nd period - Ryan McLeod wins face-off versus Joona Koppanen in St.Louis Blues zone.
9:20 of 2nd period - Wrist shot by Adrian Kempe.
9:20 of 2nd period - Stopped by Connor Hellebuyck with a rebound.
9:32 of 2nd period - Mark Stone is hit by Jacob Trouba and loses puck.
9:51 of 2nd period - Adam Pelech is hit by Connor McMichael and loses puck.
9:58 of 2nd period - Snap shot by Connor McMichael.
9:58 of 2nd period - Stopped by Connor Hellebuyck without a rebound.
9:59 of 2nd period - Ryan McLeod wins face-off versus Joona Koppanen in St.Louis Blues zone.
10:26 of 2nd period - Evan Bouchard is hit by Vincent Trocheck.
10:41 of 2nd period - Icing by Vincent Trocheck.
10:42 of 2nd period - Boone Jenner wins face-off versus Alex Tuch in St.Louis Blues zone.
11:02 of 2nd period - Off-side.
11:03 of 2nd period - Ryan McLeod wins face-off versus Joona Koppanen in neutral zone.
11:06 of 2nd period - Jack Eichel is hit by Adrian Kempe.
11:41 of 2nd period - Wrist shot by Ryan McLeod.
11:41 of 2nd period - Stopped by Connor Hellebuyck without a rebound.
11:42 of 2nd period - Brayden Point wins face-off versus Connor McMichael in St.Louis Blues zone.
11:59 of 2nd period - Slapshot by Brayden Point.
11:59 of 2nd period - Shot Blocked by Brandon Carlo.
12:55 of 2nd period - Wrist shot by Mikhail Sergachev.
12:55 of 2nd period - Deflect By Brandon Hagel.
12:55 of 2nd period - Shot Misses the Net.
12:55 of 2nd period - Puck is out of play.
12:56 of 2nd period - Ryan McLeod wins face-off versus Vincent Trocheck in Edmonton Oilers zone.
13:08 of 2nd period - Wrist shot by Adrian Kempe.
13:08 of 2nd period - Stopped by Connor Hellebuyck with a rebound.
13:10 of 2nd period - Slapshot by Adrian Kempe.
13:10 of 2nd period - Shot Misses the Net.
13:12 of 2nd period - Slapshot by Evan Bouchard.
13:12 of 2nd period - Deflect By Kirill Marchenko.
13:12 of 2nd period - Goal by Kirill Marchenko - St.Louis Blues : 1 - Edmonton Oilers : 3.
13:13 of 2nd period - Connor McMichael wins face-off versus Joona Koppanen in neutral zone.
13:39 of 2nd period - Brock Boeser is hit by Vincent Trocheck and loses puck.
13:44 of 2nd period - Wrist shot by Brandon Hagel.
13:44 of 2nd period - Shot Misses the Net.
13:46 of 2nd period - Slapshot by Brandon Hagel.
13:46 of 2nd period - Goal by Brandon Hagel - St.Louis Blues : 2 - Edmonton Oilers : 3.
13:47 of 2nd period - Boone Jenner wins face-off versus Mark Stone in neutral zone.
13:55 of 2nd period - Slapshot by Colton Parayko.
13:55 of 2nd period - Stopped by Juuse Saros without a rebound.
13:56 of 2nd period - Brayden Point wins face-off versus Boone Jenner in Edmonton Oilers zone.
13:57 of 2nd period - Slapshot by Jake Guentzel.
13:57 of 2nd period - Shot Misses the Net.
14:25 of 2nd period - Slapshot by Dylan Holloway.
14:25 of 2nd period - Shot Misses the Net.
14:27 of 2nd period - Snap shot by Boone Jenner.
14:27 of 2nd period - Stopped by Connor Hellebuyck without a rebound.
14:28 of 2nd period - Joona Koppanen wins face-off versus Connor McMichael in St.Louis Blues zone.
14:28 of 2nd period - Joona Koppanen is hit by Connor McMichael.
14:39 of 2nd period - Minor Penalty to Brock Boeser for Roughing.
14:40 of 2nd period - Nikita Kucherov wins face-off versus Ryan McLeod in Edmonton Oilers zone.
15:06 of 2nd period - Kirill Marchenko is hit by Brandon Hagel and loses puck.
16:39 of 2nd period - Penalty to Brock Boeser is over, Brock Boeser is back on ice.
16:52 of 2nd period - Snap shot by Dawson Mercer.
16:52 of 2nd period - Shot Blocked by Jake Sanderson.
17:06 of 2nd period - Slapshot by Jacob Trouba.
17:06 of 2nd period - Stopped by Connor Hellebuyck without a rebound.
17:07 of 2nd period - Morgan Barron wins face-off versus Joona Koppanen in St.Louis Blues zone.
17:32 of 2nd period - Adrian Kempe is hit by Vincent Trocheck and loses puck.
17:49 of 2nd period - Mikhail Sergachev is hit by Dylan Holloway and loses puck.
18:00 of 2nd period - Wrist shot by Connor McMichael.
18:00 of 2nd period - Stopped by Connor Hellebuyck with a rebound.
18:02 of 2nd period - Snap shot by Connor McMichael.
18:02 of 2nd period - Stopped by Connor Hellebuyck with a rebound.
18:32 of 2nd period - Vincent Trocheck is hit by Scott Mayfield and loses puck.
19:00 of 2nd period - Icing by Jake Sanderson.
19:01 of 2nd period - Boone Jenner wins face-off versus Joona Koppanen in St.Louis Blues zone.
19:08 of 2nd period - Wrist shot by Dawson Mercer.
19:08 of 2nd period - Shot Hit the Post.
19:10 of 2nd period - Slapshot by Brandon Carlo.
19:10 of 2nd period - Shot Blocked by Jack Eichel.
19:12 of 2nd period - Snap shot by Evan Bouchard.
19:12 of 2nd period - Stopped by Connor Hellebuyck without a rebound.
19:13 of 2nd period - Ryan McLeod wins face-off versus Joona Koppanen in St.Louis Blues zone.
19:14 of 2nd period - Snap shot by Adrian Kempe.
19:14 of 2nd period - Deflect By Ryan McLeod.
19:14 of 2nd period - Shot Blocked by Joona Koppanen.
19:14 of 2nd period - Puck is out of play.
19:15 of 2nd period - Ryan McLeod wins face-off versus Joona Koppanen in St.Louis Blues zone.
19:44 of 2nd period - Snap shot by Dylan Holloway.
19:44 of 2nd period - Shot Blocked by Mikhail Sergachev.
19:46 of 2nd period - Slapshot by Dawson Mercer.
19:46 of 2nd period - Shot Misses the Net.
Goals for this period are 2 for St.Louis Blues vs 1 for Edmonton Oilers.
Shots for this period are 9 for St.Louis Blues vs 15 for Edmonton Oilers.

3rd period


0:01 of 3rd period - Brayden Point wins face-off versus Connor McMichael in neutral zone.
0:04 of 3rd period - Snap shot by Brayden Point.
0:04 of 3rd period - Shot Misses the Net.
0:06 of 3rd period - Slapshot by Colton Parayko.
0:06 of 3rd period - Stopped by Juuse Saros with a rebound.
0:08 of 3rd period - Snap shot by Jake Guentzel.
0:08 of 3rd period - Stopped by Juuse Saros without a rebound.
0:09 of 3rd period - Connor McMichael wins face-off versus Brayden Point in Edmonton Oilers zone.
0:26 of 3rd period - Wrist shot by Jake DeBrusk.
0:26 of 3rd period - Deflect By Brock Boeser.
0:26 of 3rd period - Shot Misses the Net.
0:26 of 3rd period - Puck is out of play.
0:27 of 3rd period - Joona Koppanen wins face-off versus Ryan McLeod in St.Louis Blues zone.
0:27 of 3rd period - Joona Koppanen is hit by Troy Stecher.
0:53 of 3rd period - Jake DeBrusk is hit by Colton Parayko and loses puck.
1:14 of 3rd period - Slapshot by Jake Sanderson.
1:14 of 3rd period - Deflect By Brandon Hagel.
1:14 of 3rd period - Stopped by Juuse Saros with a rebound.
1:20 of 3rd period - Dylan Holloway is hit by Brandon Hagel and loses puck.
1:37 of 3rd period - Slapshot by Jake Sanderson.
1:37 of 3rd period - Shot Blocked by Evan Bouchard.
2:20 of 3rd period - Jacob Trouba is hit by Artem Zub and loses puck.
2:29 of 3rd period - Wrist shot by Brayden Point.
2:29 of 3rd period - Deflect By Mark Stone.
2:29 of 3rd period - Stopped by Juuse Saros without a rebound.
2:30 of 3rd period - Brayden Point wins face-off versus Boone Jenner in Edmonton Oilers zone.
3:03 of 3rd period - Slapshot by Nikita Kucherov.
3:03 of 3rd period - Stopped by Juuse Saros without a rebound.
3:04 of 3rd period - Connor McMichael wins face-off versus Brayden Point in Edmonton Oilers zone.
3:31 of 3rd period - Artem Zub is hit by Scott Mayfield and loses puck.
4:00 of 3rd period - Snap shot by Dylan Holloway.
4:00 of 3rd period - Stopped by Connor Hellebuyck without a rebound.
4:01 of 3rd period - Connor McMichael wins face-off versus Brayden Point in St.Louis Blues zone.
4:28 of 3rd period - Snap shot by Adrian Kempe.
4:28 of 3rd period - Shot Misses the Net.
4:46 of 3rd period - Jack Eichel is hit by Troy Stecher and loses puck.
4:51 of 3rd period - Slapshot by Evan Bouchard.
4:51 of 3rd period - Deflect By Tanner Jeannot.
4:51 of 3rd period - Shot Misses the Net.
4:51 of 3rd period - Puck is out of play.
4:52 of 3rd period - Morgan Barron wins face-off versus Brayden Point in St.Louis Blues zone.
5:13 of 3rd period - Tanner Jeannot is hit by Jake Guentzel and loses puck.
5:24 of 3rd period - Icing by Mark Stone.
5:25 of 3rd period - Brayden Point wins face-off versus Connor McMichael in St.Louis Blues zone.
5:42 of 3rd period - Snap shot by Jake Guentzel.
5:42 of 3rd period - Stopped by Juuse Saros with a rebound.
5:44 of 3rd period - Slapshot by Jaccob Slavin.
5:44 of 3rd period - Stopped by Juuse Saros without a rebound.
5:45 of 3rd period - Ryan McLeod wins face-off versus Joona Koppanen in Edmonton Oilers zone.
5:47 of 3rd period - Icing by Adrian Kempe.
5:48 of 3rd period - Ryan McLeod wins face-off versus Joona Koppanen in Edmonton Oilers zone.
6:04 of 3rd period - Jake Sanderson is hit by Jacob Trouba and loses puck.
6:35 of 3rd period - Scott Mayfield is hit by Mark Stone and loses puck.
6:44 of 3rd period - Slapshot by Brock Boeser.
6:44 of 3rd period - Stopped by Connor Hellebuyck without a rebound.
6:45 of 3rd period - Joona Koppanen wins face-off versus Ryan McLeod in St.Louis Blues zone.
7:52 of 3rd period - Adam Pelech is hit by Tanner Jeannot and loses puck.
8:00 of 3rd period - Off-side.
8:01 of 3rd period - Ryan McLeod wins face-off versus Joona Koppanen in neutral zone.
8:06 of 3rd period - Backhand shot by Kirill Marchenko.
8:06 of 3rd period - Shot Misses the Net.
9:12 of 3rd period - Snap shot by Morgan Barron.
9:12 of 3rd period - Shot Misses the Net.
9:50 of 3rd period - Kirill Marchenko is hit by Artem Zub and loses puck.
9:57 of 3rd period - Wrist shot by Brayden Point.
9:57 of 3rd period - Stopped by Juuse Saros with a rebound.
10:16 of 3rd period - Backhand shot by Brock Boeser.
10:16 of 3rd period - Stopped by Connor Hellebuyck with a rebound.
10:50 of 3rd period - Icing by Evan Bouchard.
10:51 of 3rd period - Nikita Kucherov wins face-off versus Boone Jenner in Edmonton Oilers zone.
11:00 of 3rd period - Snap shot by Jack Eichel.
11:00 of 3rd period - Shot Blocked by Brandon Carlo.
11:02 of 3rd period - Wrist shot by Joona Koppanen.
11:02 of 3rd period - Stopped by Juuse Saros without a rebound.
11:03 of 3rd period - Connor McMichael wins face-off versus Joona Koppanen in Edmonton Oilers zone.
11:18 of 3rd period - Snap shot by Connor McMichael.
11:18 of 3rd period - Stopped by Connor Hellebuyck without a rebound.
11:19 of 3rd period - Brayden Point wins face-off versus Ryan McLeod in St.Louis Blues zone.
11:30 of 3rd period - Wrist shot by Brayden Point.
11:30 of 3rd period - Stopped by Juuse Saros without a rebound.
11:31 of 3rd period - Connor McMichael wins face-off versus Joona Koppanen in Edmonton Oilers zone.
11:42 of 3rd period - Snap shot by Jack Eichel.
11:42 of 3rd period - Stopped by Juuse Saros without a rebound.
11:43 of 3rd period - Boone Jenner wins face-off versus Joona Koppanen in Edmonton Oilers zone.
12:08 of 3rd period - Jacob Trouba is hit by Jake Guentzel.
12:12 of 3rd period - Snap shot by Jake DeBrusk.
12:12 of 3rd period - Goal by Jake DeBrusk - St.Louis Blues : 2 - Edmonton Oilers : 4.
12:13 of 3rd period - Joona Koppanen wins face-off versus Ryan McLeod in neutral zone.
12:27 of 3rd period - Off-side.
12:28 of 3rd period - Jake DeBrusk wins face-off versus Mark Stone in neutral zone.
13:00 of 3rd period - Backhand shot by Ryan McLeod.
13:00 of 3rd period - Shot Blocked by Nikita Kucherov.
14:30 of 3rd period - Snap shot by Connor McMichael.
14:30 of 3rd period - Shot Misses the Net.
14:32 of 3rd period - Slapshot by Jacob Trouba.
14:32 of 3rd period - Shot Misses the Net.
14:34 of 3rd period - Slapshot by Brandon Carlo.
14:34 of 3rd period - Deflect By Jack Eichel.
14:34 of 3rd period - Stopped by Connor Hellebuyck with a rebound.
14:36 of 3rd period - Wrist shot by Connor McMichael.
14:36 of 3rd period - Stopped by Connor Hellebuyck with a rebound.
14:48 of 3rd period - Slapshot by Adam Pelech.
14:48 of 3rd period - Deflect By Isac Lundestrom.
14:48 of 3rd period - Stopped by Juuse Saros without a rebound.
14:49 of 3rd period - Morgan Barron wins face-off versus Isac Lundestrom in Edmonton Oilers zone.
15:14 of 3rd period - Dawson Mercer is hit by Alex Tuch and loses puck.
15:35 of 3rd period - Boone Jenner is hit by Colton Parayko.
15:47 of 3rd period - Wrist shot by Boone Jenner.
15:47 of 3rd period - Stopped by Connor Hellebuyck with a rebound.
16:41 of 3rd period - Snap shot by Vincent Trocheck.
16:41 of 3rd period - Stopped by Juuse Saros with a rebound.
16:49 of 3rd period - Snap shot by Brandon Hagel.
16:49 of 3rd period - Shot Misses the Net.
16:51 of 3rd period - Wrist shot by Brandon Hagel.
16:51 of 3rd period - Stopped by Juuse Saros with a rebound.
17:05 of 3rd period - Alex Tuch is hit by Boone Jenner and loses puck.
18:40 of 3rd period - Snap shot by Brandon Hagel.
18:40 of 3rd period - Stopped by Juuse Saros without a rebound.
18:41 of 3rd period - Joona Koppanen wins face-off versus Tanner Jeannot in Edmonton Oilers zone.
19:04 of 3rd period - Minor Penalty to Tanner Jeannot for Holding.
19:05 of 3rd period - Ryan McLeod wins face-off versus Jake Guentzel in Edmonton Oilers zone.
Goals for this period are 0 for St.Louis Blues vs 1 for Edmonton Oilers.
Shots for this period are 15 for St.Louis Blues vs 8 for Edmonton Oilers.